 Dungeon Crawl Stone Soup version 0.31-a0-210-gccc998df9b (webtiles) character file.

Game seed: 11918521424190687599

388 Dittersdorf the Trooper (level 6, -1/40 HPs)
             Began as a Gargoyle Fighter on June 29, 2023.
             Killed from afar by Ijyb (8 damage)
             ... with a puff of flame
             ... on level 4 of the Dungeon.
             The game lasted 00:04:53 (3114 turns).

Dittersdorf the Trooper (Gargoyle Fighter)          Turns: 3114, Time: 00:04:53

Health: -1/40      AC: 15    Str: 21    XL:     6   Next: 79%
Magic:  6/6        EV:  8    Int:  9    God:
Gold:   131        SH:  4    Dex:  9    Spells: 5/5 levels left

rFire   . . .        a - +0 flail
rCold   + . .        c - +0 buckler
rNeg    + . .        i - +0 chain mail
rPois   ∞            v - +0 helmet
rElec   +            (no cloak)
rCorr   +            (no gloves)
SInv    .            (no boots)
Will    .....        (no amulet) Stlth
                     h - ring of protection from cold
HPRegen 0.26/turn    q - ring of resist corrosion
MPRegen 0.10/turn

%: no passive effects
@: no status effects
A: sickness immunity, AC +4, negative energy resistance 1, electricity
resistance, torment resistance 1, petrification resistance
a: no special abilities


You were on level 4 of the Dungeon.
You visited 1 branch of the dungeon, and saw 4 of its levels.

You collected 131 gold pieces.

Inventory:

Hand Weapons
 a - a +0 flail (weapon)
Armour
 c - a +0 buckler (worn)
 i - a +0 chain mail (worn)
 n - a +0 plate armour
 v - a +0 helmet (worn)
Jewellery
 h - a ring of protection from cold (left hand)
 q - a ring of resist corrosion (right hand)
 t - a ring of magical power
 u - a ring of see invisible
Wands
 p - a wand of flame (24)
Scrolls
 e - a scroll of teleportation {unknown}
 f - a scroll of noise {unknown}
 j - 2 scrolls of brand weapon {unknown}
 l - 2 scrolls of immolation {unknown}
 m - a scroll of enchant armour {unknown}
 s - a scroll of vulnerability {unknown}
 w - a scroll of blinking {unknown}
 x - a scroll of butterflies {unknown}
Potions
 b - a potion of attraction {unknown}
 d - a potion of might
 g - a potion of curing
 o - a potion of heal wounds
 r - a potion of haste


   Skills:
 + Level 4.9 Fighting
 + Level 3.8 Maces & Flails
 + Level 4.9 Armour
 + Level 4.9 Shields


You had 5 spell levels left.
You didn't know any spells.
Your spell library contained the following spells:

 Spells                   Type           Power      Damage    Failure   Level
 Portal Projectile        Hex/Tloc       0%         N/A       100%        3
 Tukima's Dance           Hex            0%         N/A       100%        3
 Blade Hands              Tmut           0%         N/A       100%        5


Dungeon Overview and Level Annotations

Branches:
Dungeon (4/15)
 Temple: D:4-7

Altars:
Kikubaaqudgha

Shops:
D:2 [

Annotations:
D:4 Ijyb


Innate Abilities, Weirdness & Mutations

You are immune to sickness and miasma.
Your stone body is resilient. (AC +4)
You are immune to poison.
You resist negative energy. (rN+)
You are resistant to electric shocks. (rElec)
You are resistant to unholy torment.
You are immune to petrification.


Message History

Ijyb hits you but does no damage. Ijyb hits you with a +3 club.
You thump Ijyb!
Ijyb is almost dead.
Ijyb misses you.
You barely miss Ijyb.
Ijyb is almost dead.
Ijyb closely misses you. Ijyb hits you with a +3 club.
You completely miss Ijyb.
Ijyb is almost dead.
Ijyb zaps a wand.
The puff of flame misses you. Ijyb hits you but does no damage.
You hit Ijyb but do no damage.
Ijyb is almost dead.
Ijyb screams, "Me kill you!" Ijyb hits you but does no damage. x2
You closely miss Ijyb.
Ijyb is almost dead.
Ijyb hits you with a +3 club.
* * * LOW HITPOINT WARNING * * *
Ijyb hits you but does no damage.
You barely miss Ijyb.
Ijyb is almost dead.
Ijyb barely misses you. Ijyb hits you but does no damage.
You closely miss Ijyb.
Ijyb is almost dead.
Ijyb hits you but does no damage. Ijyb barely misses you.
You hit Ijyb but do no damage.
Ijyb is almost dead.
Ijyb closely misses you.
You barely miss Ijyb.
Ijyb is almost dead.
Ijyb zaps a wand.
The puff of flame hits you.
* * * LOW HITPOINT WARNING * * *
Ijyb hits you but does no damage.
You hit Ijyb.
Ijyb is almost dead.
Ijyb hits you with a +3 club.
* * * LOW HITPOINT WARNING * * *
Ijyb zaps a wand.
The puff of flame hits you!
You die...

#......................
#......##.#.#........#..
..##.#.#.##.###......#..
..)......#..............
......#.................
..#.†##.................
..#............<........
.###....................
#...............@g......
..##.........##.........
.###..........##........
.##..........###.....###
####.........# #..####
##.###....# ##.#
####....## ## ##.#.#
#####


You could see Ijyb (fast).

Vanquished Creatures
  A phantom (D:4)
  A centaur zombie (D:4)
  A bullfrog zombie (D:4)
  An iguana (D:3)
  A scorpion zombie (D:4)
  A hound skeleton (D:4)
  Robin (D:4)
  5 adders
  3 gnolls (D:4)
  3 adder skeletons (D:4)
  A dart slug (D:2)
  8 ball pythons
  6 bats
  5 endoplasms
  4 giant cockroaches
  13 goblins
  12 hobgoblins
  9 jackals (D:1)
  5 kobolds
  4 quokkas
  2 frilled lizards (D:1)
  7 rats
94 creatures vanquished.

Notes
Turn   | Place    | Note
-------+----------+-------------------------------------------
     0 | D:1      | Dittersdorf the Gargoyle Fighter began the quest for the
                  | Orb.
     0 | D:1      | Reached XP level 1. HP: 14/14 MP: 1/1
    99 | D:1      | Reached XP level 2. HP: 19/19 MP: 2/2
   356 | D:1      | Reached XP level 3. HP: 22/23 MP: 3/3
   941 | D:2      | Found an ancient bone altar of Kikubaaqudgha.
  1218 | D:2      | Found Onan's Antique Armour Boutique.
  1251 | D:2      | Reached XP level 4. HP: 29/29 MP: 4/4
  1366 | D:2      | You fall into a shaft and drop 2 floors!
  2319 | D:3      | Found a faded altar of an unknown god.
  2337 | D:4      | Noticed a phantom
  2370 | D:4      | Killed a phantom
  2371 | D:4      | Reached XP level 5. HP: 28/34 MP: 5/5
  2443 | D:4      | Reached XP level 6. HP: 27/39 MP: 6/6
  2683 | D:4      | Noticed Robin
  2705 | D:4      | Killed Robin
  3088 | D:4      | Noticed Ijyb
  3114 | D:4      | Killed from afar by Ijyb

Illustrated notes

Levels and vault maps discovered:
D:1:      dpeg_arrival_central, layout_loops_ring, serial_park_tiny_1,
          nicolae_the_louvre
D:2:      layout_loops_ring, basic_altar, serial_shops, nicolae_shop_dealshenge
D:3:      layout_basic, shapermc_ecumenical_altar_petra
D:4:      layout_cave_pools, mainiacjoe_overflow_brackets, serial_undead,
          serial_undead_a, serial_undead_d, serial_undead_a, serial_undead_b,
          nicolae_goblin_pals

Skill      XL: |  1  2  3  4 |
---------------+-------------+-----
Fighting       | 4 |  4.9
Shields        | 4 |  4.9
Armour         | 4 |  4.9
Maces & Flails | 3 |  3.8

Action                     |  1- 3 |  4- 6 || total
---------------------------+-------+-------++-------
  Melee: Flail             |   121 |   253 ||   374
    Use: Scroll            |       |     3 ||     3
 Armour: Scale mail        |    45 |       ||    45
         Chain mail        |    34 |   290 ||   324
         Skin              |     1 |       ||     1
  Dodge: Dodged            |    66 |   163 ||   229
  Block: Buckler           |    29 |    79 ||   108

Table legend: (Time is in decaauts)
 A = Elapsed time spent in this place.
 B = Non-inter-level travel time spent in this place.
 C = Inter-level travel time spent in this place.
 D = Time resting spent in this place.
 E = Time spent auto-exploring this place.
 F = Levels seen in this place.
 G = Mean time per level.
                   A        B        C        D        E       F      G
               +--------+--------+--------+--------+--------+-----+--------+
         Total |   3223 |   3120 |    103 |    372 |   1884 |   4 |  805.8 |
       Dungeon |   3223 |   3120 |    103 |    372 |   1884 |   4 |  805.8 |
               +--------+--------+--------+--------+--------+-----+--------+

Top non-repeatable levels by time:
     D:3: 1166 daAuts
     D:1: 865 daAuts
     D:2: 635 daAuts
     D:4: 555 daAuts
